 Dungeon Crawl Stone Soup version 0.30-a0-996-ga6910c8ee8 (webtiles) character file.

Game seed: 10226926753199926757

301732 a3don the Illuminatus (level 21, -11/172 HPs)
             Began as a Gnoll Ice Elementalist on Apr 1, 2023.
             Was an Elder of Ashenzari.
             Shot with a bolt by a yaktaur captain (28 damage)
             ... on level 3 of the Vaults on Apr 4, 2023.
             The game lasted 04:32:41 (42028 turns).

a3don the Illuminatus (Gnoll Ice Elementalist)     Turns: 42028, Time: 04:32:41

Health: -11/172    AC: 18    Str:  9    XL:     21   Next: 4%
Magic:  38/42      EV: 27    Int: 30    God:    Ashenzari [****..]
Gold:   1141       SH:  0    Dex: 13    Spells: 2/54 levels left

rFire   . . .      SeeInvis +    a - melded staff of fire
rCold   . . .      Faith    .    (shield currently unavailable)
rNeg    . . .      Spirit   .    k - melded +3 troll leather armour "Share My Inconvenience" {Regen+, Snorg, Elem, Bglg} (curse)
rPois   ∞          Reflect  .    D - melded +1 helmet "Circumscribed Ordeal" {Int+3, Fort, Elem} (curse)
rElec   +          Rampage  .    z - melded +1 cloak of Ashenzari's Gloom {Fort, Elem} (curse)
rCorr   .          Clarity  +    p - melded +1 pair of gloves "Lashed With Me" {Range, Melee} (curse)
Will    +....                    r - melded +2 pair of boots of the Ruined God {Cun, Melee} (curse)
Stlth   ++++++                   n - amulet "Servitude of Ashenzari" {RegenMP, Self, Fort} (curse)
HPRegen 0.48/turn                u - +6 ring of intelligence
MPRegen 0.68/turn                E - ring of wizardry

@: storm-form, flying
A: cleaving, insubstantial, flying, (fangs 1), strong nose, distributed training
}: 2/15 runes: barnacled, gossamer
a: Blinkbolt, End Transformation, Renounce Religion, Curse Item, Shatter the
Chains


You were on level 3 of the Vaults.
You worshipped Ashenzari.
Ashenzari was greatly pleased with you.
You were a lightning-filled tempest!
You visited 8 branches of the dungeon, and saw 35 of its levels.
You also visited: Bailey.

You collected 4917 gold pieces.
You spent 3776 gold pieces at shops.

Inventory:

Hand Weapons
 y - the +10 lajatang of the Hammering Gods {venom, +Blink rC+++ Str-4}
   (You acquired it on level 1 of the Lair of Beasts)

   Str:       It affects your strength (-4).
   rC:        It renders you almost immune to cold.
   +Blink:    It lets you blink.
 H - a +0 longbow of electrocution
 Q - the +7 great mace "Firestarter" {flame, inner flame, rFlCloud rF++}
   (You bought it in a shop on level 2 of the Orcish Mines)

   rFlCloud:  It grants immunity to clouds of flame.
   rF:        It greatly protects you from fire.
Missiles
 h - 39 boomerangs
 j - 4 atropa-tipped darts
 s - 2 boomerangs of dispersal
 G - 5 throwing nets
 V - 4 datura-tipped darts
 X - a curare-tipped dart
Armour
 k - the cursed +3 troll leather armour "Share My Inconvenience" (melded) {Regen+, Snorg, Elem, Bglg}
   (You found it on level 10 of the Dungeon)

   Regen:     It increases your rate of health regeneration.
   It has a curse which improves the following skills: Elements: Fire Magic, Ice
   Magic, Air Magic and Earth Magic.
   Beguiling: Conjurations, Hexes and Translocations.
 p - the cursed +1 pair of gloves "Lashed With Me" (melded) {Range, Melee}
   (You found it on level 2 of the Dungeon)

   It has a curse which improves the following skills: Ranged Combat: Ranged
   Weapons and Throwing.
   Melee Combat: Short Blades, Long Blades, Axes, Maces & Flails, Polearms,
   Staves and Unarmed Combat.
 r - the cursed +2 pair of boots of the Ruined God (melded) {Cun, Melee}
   (You found it on level 2 of the Dungeon)

   It has a curse which improves the following skills: Cunning: Dodging and
   Stealth.
   Melee Combat: Short Blades, Long Blades, Axes, Maces & Flails, Polearms,
   Staves and Unarmed Combat.
 z - the cursed +1 cloak of Ashenzari's Gloom (melded) {Fort, Elem}
   (You took it off Crazy Yiuf on level 2 of the Dungeon)

   It has a curse which improves the following skills: Fortitude: Armour and
   Shields.
   Elements:  Fire Magic, Ice Magic, Air Magic and Earth Magic.
 D - the cursed +1 helmet "Circumscribed Ordeal" (melded) {Int+3, Fort, Elem}
   (You bought it in a shop on level 2 of the Orcish Mines)

   It has a curse which improves the following skills: Fortitude: Armour and
   Shields.
   Elements:  Fire Magic, Ice Magic, Air Magic and Earth Magic.
Magical Staves
 a - a staff of fire (melded)
 J - a staff of air
Jewellery
 c - a ring of willpower
 g - a +5 ring of evasion
 i - a ring of willpower
 m - a ring of flight
 n - the cursed amulet "Servitude of Ashenzari" (around neck) {RegenMP, Self, Fort}
   (You found it on level 1 of the Dungeon)

   [amulet of magic regeneration]

   It increases your rate of magic regeneration.
   It has a curse which improves the following skills: Introspection: Fighting
   and Spellcasting.
   Fortitude: Armour and Shields.
 u - a +6 ring of intelligence (left fist)
 E - a ring of wizardry (right fist)
 F - a ring of protection from cold
 L - a ring of protection from fire
 R - a ring of poison resistance
Wands
 f - a wand of digging (10)
 P - a wand of acid (13)
 T - a wand of iceblast (20)
Scrolls
 d - 5 scrolls of blinking
 l - 10 scrolls of teleportation
 w - 9 scrolls of fog
 A - 3 scrolls of magic mapping
 C - 10 scrolls of vulnerability
 U - 4 scrolls of fear
Potions
 e - 6 potions of haste
 o - 9 potions of brilliance
 q - 5 potions of berserk rage
 t - 24 potions of curing
 v - 4 potions of might
 x - 6 potions of flight
 I - 2 potions of invisibility
 M - 4 potions of resistance
 N - 4 potions of lignification
 S - 7 potions of magic
 W - 7 potions of attraction
 Y - 6 potions of ambrosia
Miscellaneous
 b - a box of beasts
 B - a condenser vane
 K - a tin of tremorstones (2/2)


   Skills:
 + Level 14.6(16.3) Fighting
 + Level 14.6 Short Blades
 + Level 14.6 Long Blades
 + Level 14.6 Axes
 + Level 14.6 Maces & Flails
 + Level 14.6 Polearms
 + Level 14.6 Staves
 + Level 14.6 Ranged Weapons
 + Level 14.6 Throwing
 + Level 14.6(16.3) Armour
 + Level 15.2 Dodging
 + Level 15.1 Stealth
 + Level 14.6(16.3) Shields
 + Level 14.6 Unarmed Combat
 + Level 15.3(17.1) Spellcasting
 + Level 12.4 Conjurations
 + Level 12.4 Hexes
 + Level 12.4 Summonings
 + Level 12.4 Necromancy
 + Level 12.4 Translocations
 + Level 12.4 Transmutations
 + Level 12.4 Fire Magic
 + Level 14.1 Ice Magic
 + Level 12.4 Air Magic
 + Level 12.4 Earth Magic
 + Level 12.4 Poison Magic
 + Level 15.8 Invocations
 + Level 14.6 Evocations


You had 2 spell levels left.
You knew the following spells:

 Your Spells              Type           Power      Damage    Failure   Level
a - Freeze                Ice            100%       1d10      0%          1
b - Frozen Ramparts       Ice            100%       1d16      0%          3
c - Ozocubu's Armour      Ice            84%        N/A       0%          3
d - Airstrike             Air            39%        2d(6-22)  1%          4
e - Manifold Assault      Tloc           79%        N/A       1%          4
f - Mephitic Cloud        Conj/Pois/Air  79%        N/A       1%          3
g - Summon Ice Beast      Ice/Summ       81%        N/A       1%          4
h - Lee's Rapid Deconstr  Erth           39%        3d19*     1%          5
i - Statue Form           Tmut/Erth      52%        N/A       1%          6
j - Fulminant Prism       Conj/Hex       39%        3d17      1%          4
k - Storm Form            Tmut/Air       39%        N/A       3%          7
l - Ignition              Fire           39%        3d12      26%         8

Your spell library contained the following spells:

 Spells                   Type           Power      Damage    Failure   Level
 Beastly Appendage        Tmut           100%       N/A       0%          1
 Shock                    Conj/Air       100%       1d9       0%          1
 Slow                     Hex            100%       N/A       0%          1
 Blink                    Tloc           100%       N/A       0%          2
 Cigotuvi's Dreadful Rot  Necr/Pois/Air  100%       N/A       0%          2
 Lesser Beckoning         Tloc           100%       N/A       0%          2
 Poisonous Vapours        Pois/Air       100%       N/A       0%          2
 Searing Ray              Conj           100%       2d8       0%          2
 Sublimation of Blood     Necr           79%        N/A       0%          2
 Wereblood                Tmut           79%        N/A       0%          2
 Hailstorm                Conj/Ice       81%        3d16      0%          3
 Call Canine Familiar     Summ           79%        N/A       1%          3
 Confusing Touch          Hex            79%        N/A       1%          3
 Dazzling Flash           Conj/Hex       100%       N/A       1%          3
 Gell's Gravitas          Tloc           79%        N/A       1%          3
 Ignite Poison            Fire/Tmut/Pois 79%        N/A       1%          3
 Inner Flame              Hex/Fire       79%        N/A       1%          3
 Portal Projectile        Hex/Tloc       100%       N/A       1%          3
 Spider Form              Tmut/Pois      79%        N/A       1%          3
 Swiftness                Air            79%        N/A       1%          3
 Teleport Other           Tloc           79%        N/A       1%          3
 Tukima's Dance           Hex            79%        N/A       1%          3
 Vampiric Draining        Necr           79%        2d11      1%          3
 Vhi's Electric Charge    Tloc/Air       100%       N/A       1%          3
 Anguish                  Hex/Necr       39%        N/A       1%          4
 Cause Fear               Hex            39%        N/A       1%          4
 Dispel Undead            Necr           79%        3d26      1%          4
 Ice Form                 Ice/Tmut       81%        N/A       1%          4
 Leda's Liquefaction      Hex/Erth       39%        N/A       1%          4
 Passage of Golubria      Tloc           79%        N/A       1%          4
 Petrify                  Tmut/Erth      79%        N/A       1%          4
 Sticky Flame             Conj/Fire      79%        2d9       1%          4
 Agony                    Necr           79%        N/A       1%          5
 Arcjolt                  Conj/Air       39%        1d49      1%          5
 Blade Hands              Tmut           39%        N/A       1%          5
 Irradiate                Conj/Tmut      39%        3d24      1%          5
 Silence                  Hex/Air        39%        N/A       1%          5
 Yara's Violent Unravell  Hex/Tmut       39%        3d16      1%          5
 Death Channel            Necr           39%        N/A       1%          6
 Dispersal                Tloc           39%        N/A       1%          6
 Simulacrum               Ice/Necr       40%        N/A       1%          6
 Enfeeble                 Hex            39%        N/A       3%          7
 Discord                  Hex            39%        N/A       26%         8
 Maxwell's Capacitive Co  Air            39%        ∞         26%         8


Dungeon Overview and Level Annotations

Branches:
Dungeon (15/15)            Temple (1/1) D:7            Lair (5/5) D:9
 Shoals (4/4) Lair:2       Spider (4/4) Lair:2        Slime (0/5) Lair:5
    Orc (2/2) D:9             Elf (1/3) Orc:2        Vaults (3/5) D:14
 Depths (0/4) D:15         Bailey (visited)
  Crypt: Vaults:2-3

Altars:
Ashenzari
Cheibriados
Dithmenos
Elyvilon
Fedhas
Gozag
Hepliaklqana
Kikubaaqudgha
Makhleb
Okawaru
Qazlal
Ru
Sif Muna
Trog
Uskayaw
Vehumet
Wu Jian
Xom
Yredelemnul
Zin
Jiyva

Shops:
D:8 =   D:15 [   Orc:2 (![[   Elf:1 *::=   Shoals:2 [

Portals:
Trove: D:10 (give 8 potions of haste)

Annotations:
D:4 1 runed translucent door, Fieldy's ghost, amateur DsFi
Shoals:3 1 runed translucent door, exclusions: downstairs and 3 krakens
Shoals:4 Louise
Spider:3 exclusion: downstairs
Orc:1 3 runed translucent doors, Dutenacs's ghost, journeyman MiBe
Orc:2 1 runed translucent door, sasquatch's ghost, journeyman TrBe


Innate Abilities, Weirdness & Mutations

You are a lightning-filled tempest!
Your electrical attacks strike out in all directions at once.
You are incredibly evasive.
Your insubstantial body is immune to petrification, constriction, and being set on fire You are flying.
You are immune to poison.
Your armour is entirely melded.
You are incapable of wielding weapons or throwing items.
((You have very sharp teeth.))
Your uncanny sense of smell can sniff out nearby items.
Your experience applies equally to all skills.


Message History

The yaktaur captain is moderately wounded.
You hit the yaktaur captain but do no damage.
You burn the yaktaur captain!!
The yaktaur captain is heavily wounded.
The yaktaur captain wields a +0 arbalest.
The yaktaur captain shoots a bolt.
The bolt hits you!!! The yaktaur captain closely misses you.
The yaktaur captain hits you!
The yaktaur captain shoots a bolt.
The bolt hits you!!
Casting: Ozocubu's Armour (safe; 0% risk of failure)
Confirm with . or Enter, or press ? or * to list all spells.
Aiming: Mephitic Cloud (safe; 0% risk of failure)
Press: ? - help, Shift-Dir - straight line
Okay, then.
Casting: Mephitic Cloud (safe; 0% risk of failure)
Confirm with . or Enter, or press ? or * to list all spells.
You turn into a lightning-filled tempest!
Your staff of fire melds into your body.
The cursed +1 cloak of Ashenzari's Gloom {Fort, Elem} melds into your body.
The cursed +1 helmet "Circumscribed Ordeal" {Int+3, Fort, Elem} melds into your body.
The cursed +1 pair of gloves "Lashed With Me" {Range, Melee} melds into your body.
The cursed +2 pair of boots of the Ruined God {Cun, Melee} melds into your body.
The cursed +3 troll leather armour "Share My Inconvenience" {Regen+, Snorg, Elem, Bglg} melds into your body.
You feel stupid. The yaktaur captain hits you!
The yaktaur captain shoots a bolt.
The bolt completely misses you.
The yaktaur captain shoots a bolt.
The bolt hits you!!
* * * LOW HITPOINT WARNING * * *
You reach down and open the large door.
The yaktaur captain hits you!
* * * LOW HITPOINT WARNING * * *
The yaktaur captain shoots a bolt.
The bolt closely misses you.
The yaktaur captain hits you but does no damage.
The yaktaur captain shoots a bolt.
The bolt closely misses you.
There is a large open door here.
The yaktaur captain attacks as you move away!
The yaktaur captain hits you!
* * * LOW HITPOINT WARNING * * *
The yaktaur captain wields a +0 arbalest.
The yaktaur captain shoots a bolt.
The bolt hits you!!
You die...

, *, * #. ** *
'######################## ,
,,...................[.....
, .........................
* * ,
,.........................
* , ,
..c...................... +
, ........c...!............
########''############### ,
, **#v...# ,* , ,* #.##.# *
, ,,* ,,+.# ,# ,,,, * , * *
#.. * ,, , * ,, .##+* * *
*,, ,, *, . ,, ,,, * * , *.
, * * .. * *,, , + * *


You could see a yaktaur captain.

Vanquished Creatures
  Jorgrun (Shoals:1)
  Mlioglotl (Shoals:1)
  A kraken (Shoals:3)
  Kirke (Spider:3)
  Roxanne (Elf:1)
  A shadow dragon (Elf:1)
  2 storm dragons
  Donald (Spider:2)
  10 vault wardens
  11 emperor scorpions
  7 ghost moths
  14 ironbound preservers
  2 orc warlords
  3 broodmothers
  A stone giant (D:15)
  9 ironbound thunderhulks
  Azrael (D:14)
  A minotaur (Shoals:1)
  5 spark wasps
  4 deep elf demonologists
  8 merfolk impalers
  11 dire elephants (Vaults:1)
  2 merfolk javelineers
  An ettin (Vaults:2)
  7 yaktaur captains
  Snorg (D:10)
  2 great orbs of eyes
  A deep elf high priest (Elf:1)
  An entropy weaver (shapeshifter) (D:14)
  2 fire dragons
  7 entropy weavers
  2 merfolk avatars
  10 vault guards
  A death knight (D:15)
  3 hydras
  An ice dragon (Elf:1)
  6 ironbound frosthearts
  5 boulder beetles
  2 centaur warriors
  3 jorogumos
  6 catoblepae
  4 merfolk aquamancers (Shoals:4)
  4 satyrs
  2 two-headed ogres
  5 dancing weapons
  6 radroaches
  2 death scarabs (Spider:4)
  10 death yaks
  4 deep elf knights (Elf:1)
  5 orc high priests
  2 tengu warriors (D:15)
  3 skysharks
  43 deep trolls
  A skeletal warrior (D:15)
  5 pharaoh ants
  3 sun moths
  6 sea snakes
  15 orb spiders
  7 steelbarb worms
  6 lindwurms
  9 orc knights
  13 harpies
  10 deep elf pyromancers
  7 deep elf archers (Elf:1)
  3 wizards
  7 ironbound convokers
  23 wolf spiders
  11 deep elf zephyrmancers (Elf:1)
  16 fauns
  3 orc sorcerers
  10 ugly things
  9 cyclopes
  15 manticores
  12 merfolk sirens
  16 elephants
  An elephant (shapeshifter) (Vaults:2)
  A moth of wrath (Spider:4)
  7 black mambas
  9 vault sentinels
  7 water nymphs
  A gargoyle (D:12)
  7 torpor snails
  10 demonic crawlers
  6 cane toads
  2 unseen horrors
  A rime drake (Lair:3)
  33 yaktaurs
  A rime drake (shapeshifter) (D:13)
  10 komodo dragons
  2 tengu conjurers (D:15)
  2 freezing wraiths (D:15)
  2 efreet
  2 ice devils (Lair:3)
  11 merfolk
  2 polar bears
  4 trolls
  6 meliai
  4 wind drakes
  A blink frog (shapeshifter) (D:14)
  30 tarantellas
  4 dream sheep (Shoals:1)
  7 blink frogs (Lair:2)
  14 snapping turtles
  29 culicivoras
  13 water elementals
  25 jumping spiders
  23 slime creatures
  A shadow (D:12)
  A human (Spider:3)
  7 air elementals
  3 basilisks
  A fire elemental (D:14)
  3 wraiths
  4 hogs (Spider:3)
  2 wyverns
  52 yaks
  4 wargs
  63 redbacks
  7 vampire mosquitoes
  3 acid dragons
  21 water moccasins
  2 hell hounds (D:14)
  A meliai simulacrum (D:14)
  31 orc warriors
  4 ice beasts
  A sky beast (D:7)
  7 wolves (Lair:5)
  5 boggarts (Vaults:1)
  4 centaurs
  4 ogres
  11 kobold brigands
  7 bullfrogs
  3 earth elementals (Elf:1)
  A gnoll sergeant (D:9)
  3 scorpions (D:6)
  18 killer bees
  7 howler monkeys
  3 electric eels
  2 hounds
  3 jellies
  Crazy Yiuf (D:2)
  22 orc priests
  A gnoll bouda (D:7)
  3 iguanas
  32 orc wizards
  5 hell rats (Lair:3)
  28 gnolls
  7 adders
  A white imp (D:7)
  A nameless horror (Lair:2)
  An ufetubus (D:7)
  4 worms
  A dart slug (D:4)
  70 orcs
  4 ball pythons
  6 bats
  8 endoplasms
  3 giant cockroaches
  11 goblins
  9 hobgoblins
  4 jackals (D:2)
  38 kobolds
  3 quokkas
  2 frilled lizards (D:3)
  4 rats
  2 tentacles (Shoals:3)
1293 creatures vanquished.

Vanquished Creatures (collateral kills)
  An ironbound preserver (Vaults:2)
  2 hydras
  A death yak (Lair:5)
  A sea snake (Shoals:1)
  An orc sorcerer (Orc:2)
  A cyclops (Orc:2)
  A black mamba (Lair:2)
  A rime drake (Lair:1)
  A yaktaur (Vaults:2)
  A polar bear (Lair:2)
  3 blink frogs (Lair:2)
  2 dream sheep (Shoals:1)
  2 basilisks
  4 yaks
  A water moccasin (Lair:3)
  An orc warrior (Orc:2)
  An ogre (Orc:1)
  A bullfrog (Lair:4)
  An orc priest (Orc:2)
  5 orcs
32 creatures vanquished.

Vanquished Creatures (others)
  An entropy weaver (Spider:4)
  A wolf spider (Spider:4)
  A vault sentinel (Vaults:2)
  A human (Spider:3)
  2 redbacks (Spider:3)
  2 hell hounds (D:14)
  2 orc warriors
  An orc priest (Orc:2)
  3 orcs (Elf:1)
  A bush (Shoals:1)
  48 fulminant prisms
  28 fungi
  56 plants
  7 tentacles (Shoals:3)
  2 withered plants (D:4)
156 creatures vanquished.

Grand Total: 1481 creatures vanquished

Notes
Turn   | Place    | Note
-------+----------+-------------------------------------------
     0 | D:1      | a3don the Gnoll Ice Elementalist began the quest for the
                  | Orb.
     0 | D:1      | Reached XP level 1. HP: 13/13 MP: 6/6
   155 | D:1      | Reached XP level 2. HP: 19/19 MP: 5/7
   669 | D:1      | Reached skill level 5 in Spellcasting
   669 | D:1      | Reached XP level 3. HP: 25/25 MP: 7/9
   752 | D:1      | Learned a level 3 spell: Frozen Ramparts
   756 | D:1      | Learned a level 3 spell: Ozocubu's Armour
  1138 | D:2      | Reached skill level 1 in Invocations
  1816 | D:2      | Found a runed translucent door.
  1817 | D:2      | Noticed Crazy Yiuf
  1864 | D:2      | Reached skill level 1 in Fighting
  1864 | D:2      | Reached skill level 1 in Short Blades
  1864 | D:2      | Reached skill level 1 in Long Blades
  1864 | D:2      | Reached skill level 1 in Axes
  1864 | D:2      | Reached skill level 1 in Maces & Flails
  1864 | D:2      | Reached skill level 1 in Polearms
  1864 | D:2      | Reached skill level 1 in Staves
  1864 | D:2      | Reached skill level 1 in Ranged Weapons
  1864 | D:2      | Reached skill level 1 in Throwing
  1864 | D:2      | Reached skill level 1 in Armour
  1864 | D:2      | Reached skill level 1 in Shields
  1864 | D:2      | Reached skill level 1 in Unarmed Combat
  1864 | D:2      | Reached skill level 1 in Evocations
  2160 | D:2      | Killed Crazy Yiuf
  2161 | D:2      | Reached XP level 4. HP: 32/32 MP: 3/11
  2256 | D:3      | Reached skill level 1 in Conjurations
  2256 | D:3      | Reached skill level 1 in Hexes
  2256 | D:3      | Reached skill level 1 in Summonings
  2256 | D:3      | Reached skill level 1 in Necromancy
  2256 | D:3      | Reached skill level 1 in Translocations
  2256 | D:3      | Reached skill level 1 in Transmutations
  2256 | D:3      | Reached skill level 1 in Fire Magic
  2256 | D:3      | Reached skill level 1 in Air Magic
  2256 | D:3      | Reached skill level 1 in Earth Magic
  2256 | D:3      | Reached skill level 1 in Poison Magic
  2321 | D:3      | Found an iron altar of Okawaru.
  2645 | D:3      | Found a hide-covered altar of Uskayaw.
  2649 | D:3      | Found a radiant altar of Vehumet.
  2652 | D:3      | Found a hazy altar of Hepliaklqana.
  2783 | D:4      | Reached XP level 5. HP: 27/37 MP: 6/12
  3059 | D:4      | Found a runed translucent door.
  3059 | D:4      | Noticed Fieldy's ghost (amateur DsFi)
  3635 | D:5      | Entered Level 5 of the Dungeon
  3639 | D:5      | Noticed an ogre
  3648 | D:5      | Reached XP level 6. HP: 26/44 MP: 7/14
  3824 | D:5      | Reached skill level 5 in Dodging
  4021 | D:5      | Noticed an ice beast
  4038 | D:5      | Killed an ice beast
  4039 | D:5      | Reached XP level 7. HP: 25/51 MP: 15/15
  4182 | D:5      | Found a shadowy altar of Dithmenos.
  4455 | D:5      | Learned a level 4 spell: Summon Ice Beast
  4674 | D:6      | Reached skill level 5 in Stealth
  5003 | D:6      | Reached XP level 8. HP: 48/58 MP: 13/16
  5450 | D:7      | Found a staircase to the Ecumenical Temple.
  5459 | Temple   | Entered the Ecumenical Temple
  5525 | Temple   | Became a worshipper of Ashenzari the Shackled
  5650 | D:7      | Noticed a two-headed ogre
  5662 | D:7      | Killed a two-headed ogre
  5663 | D:7      | Reached XP level 9. HP: 48/65 MP: 14/18
  6467 | D:7      | Reached skill level 5 in Invocations
  6818 | D:8      | Found Noconos's Jewellery Shoppe.
  7105 | D:8      | Reached skill level 5 in Fighting
  7105 | D:8      | Reached skill level 5 in Short Blades
  7105 | D:8      | Reached skill level 5 in Long Blades
  7105 | D:8      | Reached skill level 5 in Axes
  7105 | D:8      | Reached skill level 5 in Maces & Flails
  7105 | D:8      | Reached skill level 5 in Polearms
  7105 | D:8      | Reached skill level 5 in Staves
  7105 | D:8      | Reached skill level 5 in Ranged Weapons
  7105 | D:8      | Reached skill level 5 in Throwing
  7105 | D:8      | Reached skill level 5 in Armour
  7105 | D:8      | Reached skill level 5 in Shields
  7105 | D:8      | Reached skill level 5 in Unarmed Combat
  7105 | D:8      | Reached skill level 5 in Evocations
  7105 | D:8      | Reached XP level 10. HP: 41/74 MP: 15/20
  7252 | D:8      | Found a white marble altar of Elyvilon.
  7509 | D:9      | Identified the +3 flail "Jeydo" {freeze, *Rage rElec Str+7}
  8025 | D:9      | Found a flagged portal.
  8030 | Bailey   | Entered a bailey
  8398 | Bailey   | Found an iron altar of Okawaru.
  8589 | D:9      | Found a staircase to the Lair.
  8902 | D:9      | Found a staircase to the Orcish Mines.
  9099 | Lair:1   | Entered Level 1 of the Lair of Beasts
  9324 | Lair:1   | Noticed a cane toad
  9334 | Lair:1   | Killed a cane toad
  9378 | Lair:1   | Reached skill level 5 in Conjurations
  9378 | Lair:1   | Reached skill level 5 in Hexes
  9378 | Lair:1   | Reached skill level 5 in Summonings
  9378 | Lair:1   | Reached skill level 5 in Necromancy
  9378 | Lair:1   | Reached skill level 5 in Translocations
  9378 | Lair:1   | Reached skill level 5 in Transmutations
  9378 | Lair:1   | Reached skill level 5 in Fire Magic
  9378 | Lair:1   | Reached skill level 5 in Air Magic
  9378 | Lair:1   | Reached skill level 5 in Earth Magic
  9378 | Lair:1   | Reached skill level 5 in Poison Magic
  9414 | Lair:1   | Reached XP level 11. HP: 81/81 MP: 20/22
  9914 | Lair:1   | Identified a scroll of acquirement
  9914 | Lair:1   | Acquired the +10 lajatang of the Hammering Gods {venom,
                  | +Blink rC+++ Str-4}
 10002 | Lair:2   | Found a hole to the Spider Nest.
 10002 | Lair:2   | Noticed an orb spider
 10214 | Lair:2   | Learned a level 3 spell: Tukima's Dance
 10926 | Lair:2   | Noticed a harpy
 10940 | Lair:2   | Noticed a harpy
 10947 | Lair:2   | Killed a harpy
 10979 | Lair:2   | Found a staircase to the Shoals.
 10987 | Lair:2   | Killed a harpy
 10988 | Lair:2   | Reached XP level 12. HP: 58/91 MP: 19/24
 11016 | Lair:2   | Noticed a skyshark
 11019 | Lair:2   | Noticed a skyshark
 11034 | Lair:2   | Killed a skyshark
 11312 | Lair:2   | Killed a skyshark
 11363 | Lair:2   | Noticed an eight-headed hydra
 11382 | Lair:2   | Killed an eight-headed hydra
 11814 | Lair:3   | Found a shimmering altar of Xom.
 11822 | Lair:3   | Noticed an eight-headed hydra
 11834 | Lair:3   | Killed an eight-headed hydra
 12106 | Lair:3   | Noticed a death yak
 12107 | Lair:3   | Noticed a death yak
 12137 | Lair:3   | Noticed a death yak
 12185 | Lair:3   | Noticed a catoblepas
 12203 | Lair:3   | Killed a death yak
 12210 | Lair:3   | Noticed a death yak
 12227 | Lair:3   | Killed a death yak
 12246 | Lair:3   | Killed a catoblepas
 12256 | Lair:3   | Killed a death yak
 12257 | Lair:3   | Killed a death yak
 12466 | Lair:3   | Reached XP level 13. HP: 87/98 MP: 19/26
 12485 | Lair:3   | Reached skill level 10 in Ice Magic
 13431 | Lair:4   | Reached skill level 10 in Spellcasting
 13566 | Lair:4   | You fall into a shaft and drop 1 floor!
 13566 | Lair:5   | Entered Level 5 of the Lair of Beasts
 13748 | Lair:5   | Found a viscous altar of Jiyva.
 13750 | Lair:5   | Found a staircase to the Slime Pits.
 13838 | Lair:5   | Reached * piety under Ashenzari
 13859 | Lair:5   | Reached skill level 10 in Dodging
 14186 | Lair:5   | Reached skill level 10 in Stealth
 14463 | Lair:4   | Noticed a fire dragon
 14489 | Lair:4   | Killed a fire dragon
 14750 | Lair:5   | Reached skill level 10 in Invocations
 14750 | Lair:5   | Reached XP level 14. HP: 77/109 MP: 23/29
 16075 | D:10     | Entered Level 10 of the Dungeon
 16198 | D:10     | Found an ornate altar of the Wu Jian Council.
 16446 | D:10     | Noticed Snorg
 16462 | D:10     | Killed Snorg
 16587 | D:10     | Found a portal to a secret trove of treasure.
 17071 | Orc:1    | Entered Level 1 of the Orcish Mines
 17094 | Orc:1    | Found a runed translucent gate.
 17095 | Orc:1    | Noticed a stone giant
 17096 | Orc:1    | Found a runed translucent gate.
 17096 | Orc:1    | Found a runed translucent gate.
 17098 | Orc:1    | Noticed Dutenacs's ghost (journeyman MiBe)
 17222 | Orc:1    | Identified the +1 double sword of Ustraicu {holy, rElec rC+
                  | rN+ Str+4}
 17228 | Orc:1    | Identified the +1 robe of the Gloaming {Dex+4}
 17230 | Orc:1    | Found an iron altar of Okawaru.
 17353 | Orc:2    | Entered Level 2 of the Orcish Mines
 17502 | Orc:2    | Found a shimmering blue altar of Sif Muna.
 17591 | Orc:2    | Found a bloodstained altar of Trog.
 17704 | Orc:2    | Found a runed translucent door.
 17711 | Orc:2    | Found a staircase to the Elven Halls.
 18111 | Orc:2    | Learned a level 3 spell: Mephitic Cloud
 18354 | Orc:2    | Reached skill level 10 in Fighting
 18354 | Orc:2    | Reached skill level 10 in Short Blades
 18354 | Orc:2    | Reached skill level 10 in Long Blades
 18354 | Orc:2    | Reached skill level 10 in Axes
 18354 | Orc:2    | Reached skill level 10 in Maces & Flails
 18354 | Orc:2    | Reached skill level 10 in Polearms
 18354 | Orc:2    | Reached skill level 10 in Staves
 18354 | Orc:2    | Reached skill level 10 in Ranged Weapons
 18354 | Orc:2    | Reached skill level 10 in Throwing
 18354 | Orc:2    | Reached skill level 10 in Armour
 18354 | Orc:2    | Reached skill level 10 in Shields
 18354 | Orc:2    | Reached skill level 10 in Unarmed Combat
 18354 | Orc:2    | Reached skill level 10 in Evocations
 18401 | Orc:2    | Found Tojerofo's Weapon Shop.
 18401 | Orc:2    | Found Nipiney's Distillery.
 18410 | Orc:2    | Found Huethion's Antique Armour Shoppe.
 18410 | Orc:2    | Found Quttufif's Antique Armour Shop.
 18420 | Orc:2    | Bought a potion of cancellation for 112 gold pieces
 18423 | Orc:2    | Bought a shiny helmet for 210 gold pieces
 18520 | Orc:2    | Noticed sasquatch's ghost (journeyman TrBe)
 18748 | Orc:1    | Noticed an orc warlord
 18881 | Orc:2    | Killed an orc warlord
 18882 | Orc:2    | Reached XP level 15. HP: 117/117 MP: 24/31
 19039 | D:8      | Bought a +6 ring of intelligence for 540 gold pieces
 20808 | D:12     | Learned a level 4 spell: Airstrike
 21507 | D:13     | Learned a level 5 spell: Lee's Rapid Deconstruction
 21592 | D:14     | Noticed Azrael
 21910 | Orc:2    | Bought the +7 great mace "Firestarter" {flame, inner flame,
                  | rFlCloud rF++} for 925 gold pieces
 21910 | Orc:2    | Found the +7 great mace "Firestarter" {flame, inner flame,
                  | rFlCloud rF++}
 21911 | Orc:2    | Reached ** piety under Ashenzari
 22041 | Shoals:1 | Entered Level 1 of the Shoals
 22360 | Shoals:1 | Noticed Mlioglotl
 22384 | Shoals:1 | Killed Mlioglotl
 22895 | Shoals:1 | Found a hide-covered altar of Uskayaw.
 23289 | Shoals:1 | Reached XP level 16. HP: 124/127 MP: 25/33
 23296 | Shoals:1 | Noticed Jorgrun
 23313 | Shoals:1 | Killed Jorgrun
 23471 | Shoals:1 | Learned a level 6 spell: Statue Form
 23549 | Shoals:2 | Identified the cursed +2 pair of boots of the Ruined God
                  | {Cun, Melee} (You found it on level 2 of the Dungeon)
 24108 | Shoals:2 | Found Cadmus's Dragon-Slaying Spoils.
 24365 | Shoals:3 | Noticed a kraken
 24726 | Shoals:3 | Noticed a kraken
 24899 | Shoals:3 | Found a runed translucent door.
 24906 | Shoals:3 | Upgraded the game from 0.30-a0-986-g7f2e898f52 to
                  | 0.30-a0-989-g0d87f670db
 25111 | Shoals:3 | Noticed a kraken
 25162 | Shoals:4 | Entered Level 4 of the Shoals
 25296 | Shoals:3 | Killed a kraken
 25386 | Shoals:4 | HP: 5/129 [cloud of flame (6)]
 25736 | Shoals:4 | Paralysed by an air elemental for 1 turns
 25741 | Shoals:4 | Paralysed by an air elemental for 1 turns
 25825 | Shoals:4 | Identified the +1 leather armour of the Game of Life {Fly
                  | rC+ Str+7 Dex-5}
 26003 | Shoals:4 | Noticed a storm dragon
 26012 | Shoals:4 | Killed a storm dragon
 26113 | Shoals:4 | Got a barnacled rune of Zot
 26297 | Shoals:4 | Noticed Louise
 26325 | Shoals:4 | Paralysed by an air elemental for 1 turns
 26327 | Shoals:4 | Paralysed by an air elemental for 1 turns
 26522 | Elf:1    | Entered Level 1 of the Elven Halls
 26650 | Elf:1    | Found Kali's Book Shoppe.
 26651 | Elf:1    | Found Atwe Vau's Jewellery Shop.
 26655 | Elf:1    | Found Newolism's Book Shoppe.
 26664 | Elf:1    | Bought a book of Alchemy for 364 gold pieces
 26664 | Elf:1    | Bought an Inescapable Atlas for 416 gold pieces
 26664 | Elf:1    | Bought Waidic's Secrets of Conjuring for 364 gold pieces
 26669 | Elf:1    | Learned a level 4 spell: Fulminant Prism
 26693 | Elf:1    | Reached XP level 17. HP: 131/135 MP: 30/34
 26710 | Elf:1    | Noticed Roxanne
 26720 | Elf:1    | Killed Roxanne
 26826 | Elf:1    | Paralysed by an air elemental for 1 turns
 26827 | Elf:1    | Noticed a Hell Sentinel
 26836 | Elf:1    | Reached skill level 10 in Conjurations
 26836 | Elf:1    | Reached skill level 10 in Hexes
 26836 | Elf:1    | Reached skill level 10 in Summonings
 26836 | Elf:1    | Reached skill level 10 in Necromancy
 26836 | Elf:1    | Reached skill level 10 in Translocations
 26836 | Elf:1    | Reached skill level 10 in Transmutations
 26836 | Elf:1    | Reached skill level 10 in Fire Magic
 26836 | Elf:1    | Reached skill level 10 in Air Magic
 26836 | Elf:1    | Reached skill level 10 in Earth Magic
 26836 | Elf:1    | Reached skill level 10 in Poison Magic
 26839 | Elf:1    | Noticed a Hell Sentinel
 27056 | Elf:1    | Found a runed translucent gate.
 27056 | Elf:1    | Found a runed translucent gate.
 27056 | Elf:1    | Found a runed translucent gate.
 27056 | Elf:1    | Found a runed translucent gate.
 27056 | Elf:1    | Found a runed translucent gate.
 27058 | Elf:1    | Found a runed translucent gate.
 27175 | Elf:1    | Learned a level 7 spell: Storm Form
 27351 | Elf:1    | Found Wadghal's Assorted Antiques.
 27359 | Elf:1    | Bought a potion of heal wounds for 125 gold pieces
 27976 | Elf:1    | Upgraded the game from 0.30-a0-989-g0d87f670db to
                  | 0.30-a0-996-ga6910c8ee8
 27976 | Elf:1    | Reached *** piety under Ashenzari
 28209 | Spider:1 | Entered Level 1 of the Spider Nest
 28359 | Spider:1 | Identified the cursed +1 pair of gloves "Lashed With Me"
                  | {Range, Melee} (You found it on level 2 of the Dungeon)
 29629 | Spider:2 | Noticed Donald
 29642 | Spider:2 | Killed Donald
 29674 | Spider:2 | Reached **** piety under Ashenzari
 29720 | Spider:2 | Identified the cursed +1 cloak of Ashenzari's Gloom {Fort,
                  | Elem} (You took it off Crazy Yiuf on level 2 of the
                  | Dungeon)
 29720 | Spider:2 | Identified the cursed +1 helmet "Circumscribed Ordeal"
                  | {Int+3, Fort, Elem} (You bought it in a shop on level 2 of
                  | the Orcish Mines)
 29720 | Spider:2 | Identified the cursed +3 troll leather armour "Share My
                  | Inconvenience" {Regen+, Snorg, Elem, Bglg} (You found it on
                  | level 10 of the Dungeon)
 30120 | Spider:2 | Reached XP level 18. HP: 146/146 MP: 31/37
 32098 | Spider:3 | Noticed Kirke
 32108 | Spider:3 | Killed Kirke
 32809 | Spider:4 | Entered Level 4 of the Spider Nest
 33771 | Spider:4 | Reached XP level 19. HP: 121/154 MP: 0/38
 34420 | Spider:4 | Got a gossamer rune of Zot
 35201 | D:14     | Found an iron altar of Okawaru.
 35275 | D:14     | Killed Azrael
 35514 | D:14     | Found a gate to the Vaults.
 35753 | D:15     | Entered Level 15 of the Dungeon
 36174 | D:15     | Found a stormy altar of Qazlal.
 36401 | D:15     | Found a staircase to the Depths.
 36510 | D:15     | Found Vidd's Armour Emporium.
 36911 | Vaults:1 | Entered Level 1 of the Vaults
 37837 | Vaults:1 | Reached skill level 15 in Invocations
 38072 | Vaults:1 | Reached XP level 20. HP: 132/163 MP: 16/40
 39313 | Vaults:2 | Reached skill level 15 in Spellcasting
 39320 | Vaults:2 | Paralysed by a great orb of eyes for 4 turns
 39331 | Vaults:2 | HP: 10/213 [yaktaur/bolt[a vault warden] (8)]
 39331 | Vaults:2 | HP: 1/213 [ironbound thunderhulk/bolt of lightning (9)]
 39606 | Vaults:2 | Reached skill level 15 in Dodging
 39807 | Vaults:1 | Learned a level 4 spell: Manifold Assault
 39935 | Vaults:2 | Reached skill level 15 in Stealth
 41156 | Vaults:3 | Reached XP level 21. HP: 171/171 MP: 42/42
 41566 | Elf:1    | Bought an Everburning Encyclopedia for 720 gold pieces
 41575 | Elf:1    | Learned a level 8 spell: Ignition
 42028 | Vaults:3 | Shot with a bolt by a yaktaur captain

Illustrated notes

Levels and vault maps discovered:
D:1:      tarquinn_simple_flora_water_c, layout_basic
D:2:      layout_loops_ring, minmay_quadrilaterals, uniq_crazy_yiuf_cottage
D:3:      layout_rooms, nicolae_overflow_crystal_walls,
          minmay_overflow_temple_star_quad
D:4:      layout_cave_pods, gammafunk_ghost_grave
D:5:      layout_cave_pools, mainiacjoe_overflow_24_doors
D:6:      layout_basic
D:7:      layout_gridville, minmay_temple_entry_drinking_statues, eino_jars
D:8:      layout_loops_ring, nicolae_elyvilon_peaceful_grove, tso_altar,
          serial_shops, nicolae_take_the_stairs, gammafunk_ghost_grave
D:9:      layout_small_grid, lair_entry_dummy, orc_0_dummy, enter_bailey_3,
          hangedman_decor_opposing, minivault_10, chequers_serial_rivers_small_a
D:10:     layout_grid_maze, nzn_wu_jian_contemplation, trove_entry_hex_spiral,
          hellmonk_bongcloud_opening, uniq_snorg
D:11:     layout_basic, minmay_orc_keep
D:12:     layout_basic
D:13:     layout_roguey, minmay_starry_boxes
D:14:     layout_rooms, erik_vaults_1, okawaru_gym_becter, uniq_azrael
D:15:     grunt_enter_depths_snipers, layout_basic,
          nicolae_qazlal_eye_of_the_storm, serial_shops, nicolae_lakefront_shop
Temple:   compressed_dpeg_circular_temple
Lair:1:   layout_chaotic_city
Lair:2:   beargit_carnivore_pack, layout_small_grid, nicolae_shoals_entry_roost,
          nicolae_spider_entry_orb_guardian, serial_bayou_shore_a
Lair:3:   layout_big_grid, basic_altar, portal_ice_cave_demonic_guard,
          st_stairs_5, chequers_serial_rivers_micro_b, lemuel_fruit_fields,
          infiniplex_staircase_pool_2
Lair:4:   dragon1_lemuel, layout_big_grid
Lair:5:   evilmike_catoblepas_cave, layout_cave_pods, slime_entry_1,
          grunt_megastairs_1, infiniplex_staircase_pool
Shoals:1: layout_shoals, regret_index_shoals_crete, uniq_mlioglotl, uniq_jorgrun
Shoals:2: layout_shoals, nicolae_shop_dragon_depot
Shoals:3: nicolae_shoals_lighthouse, layout_shoals, lightli_airlock
Shoals:4: shoals_end_hellmonk_storm_palace [storm_palace_center_square,
          storm_palace_corner_altar, storm_palace_corner_narrow,
          storm_palace_corner_pillars, storm_palace_corner_grid],
          uniq_polyphemus, uniq_louise
Spider:1: layout_spider_delve
Spider:2: layout_spider_delve, hangedman_spider_tarantella_strand, uniq_donald
Spider:3: nicolae_spider_hilbert_zone_2 [nicolae_spider_hilbert_4_sides_1_open,
          nicolae_spider_hilbert_4_sides_1_open,
          nicolae_spider_hilbert_4_sides_1_open,
          nicolae_spider_hilbert_4_sides_1_open,
          nicolae_spider_hilbert_6_sides_1_open,
          nicolae_spider_hilbert_6_sides_1_open,
          nicolae_spider_hilbert_3_sides_1_open,
          nicolae_spider_hilbert_3_sides_1_open,
          nicolae_spider_hilbert_3_sides_1_open,
          nicolae_spider_hilbert_3_sides_1_open,
          nicolae_spider_hilbert_6_sides_1_open,
          nicolae_spider_hilbert_6_sides_1_open,
          nicolae_spider_hilbert_6_sides_1_open,
          nicolae_spider_hilbert_6_sides_1_open],
          nicolae_spider_not_touching_you, uniq_kirke
Spider:4: guppyfry_spider_rune, nicolae_spider_claw_tunnel
Orc:1:    layout_diamond_mine, gammafunk_ghost_fury_of_okawaru
Orc:2:    grunt_orc_tribal_feast, layout_diamond_mine, basic_altar,
          ebering_ghost_reflecting_pool, kennysheep_orc_sif_temple
Elf:1:    elf_arrival_001, layout_gridlike, serial_shops, shop, orc_legates,
          minmay_shop_grove, uniq_roxanne
Vaults:1: vaults_mumra_hex, vaults_standard_mumra_lines, hangedman_vaults_nodes,
          hangedman_vaults_pinch, vaults_mumra_chevron_long, vaults_dpeg_spiral,
          ontoclasm_vaults_loading_screen, nicolae_vaults_little_squares_4,
          nicolae_vaults_theta, nicolae_vaults_what_the_h,
          layout_vaults_big_room
Vaults:2: v_pattern_1, nicolae_vaults_little_squares_5, grunt_vaults_funnel,
          ontoclasm_vaults_misaligned, v_misc_24, nicolae_vaults_network_s,
          hangedman_vaults_maws, nicolae_vaults_ring_of_whatevers, v_misc_26,
          vaults_room_grid, nicolae_vaults_stairing_the_circle,
          vaults_room_stairs_pillars, grunt_vaults_focal,
          vaults_room_hangedman_quadrants, nicolae_vaults_asterisk,
          layout_vaults_maze
Vaults:3: hangedman_vaults_locks, v_misc_22, vaults_dpeg_emergency_exit,
          v_misc_26, dpeg_vaults_monster_box, nicolae_vaults_disjoint_gnomons,
          nicolae_vaults_little_squares_4, minmay_crypt_entry_necro_gods,
          v_misc_29, nicolae_vaults_little_squares_4,
          hangedman_vaults_restitches, vaults_dpeg_hooks, layout_vaults_ring

Skill      XL: |  1  2  3  4  5  6  7  8  9 10 11 12 13 14 15 16 17 18 19 20 |
---------------+-------------------------------------------------------------+-----
Spellcasting   | 5 6 7 8 9 10 11 12 13 14 15 | 15.3
Invocations    | 1 2 3 4 5 6 7 8 10 11 12 13 14 15 | 15.8
Fighting       | 1 2 3 4 5 6 7 8 9 10 11 12 13 14 | 14.6
Short Blades   | 1 2 3 4 5 6 7 8 9 10 11 12 13 14 | 14.6
Long Blades    | 1 2 3 4 5 6 7 8 9 10 11 12 13 14 | 14.6
Axes           | 1 2 3 4 5 6 7 8 9 10 11 12 13 14 | 14.6
Maces & Flails | 1 2 3 4 5 6 7 8 9 10 11 12 13 14 | 14.6
Polearms       | 1 2 3 4 5 6 7 8 9 10 11 12 13 14 | 14.6
Staves         | 1 2 3 4 5 6 7 8 9 10 11 12 13 14 | 14.6
Ranged Weapons | 1 2 3 4 5 6 7 8 9 10 11 12 13 14 | 14.6
Throwing       | 1 2 3 4 5 6 7 8 9 10 11 12 13 14 | 14.6
Armour         | 1 2 3 4 5 6 7 8 9 10 11 12 13 14 | 14.6
Shields        | 1 2 3 4 5 6 7 8 9 10 11 12 13 14 | 14.6
Unarmed Combat | 1 2 3 4 5 6 7 8 9 10 11 12 13 14 | 14.6
Evocations     | 1 2 3 4 5 6 7 8 9 10 11 12 13 14 | 14.6
Conjurations   | 1 2 3 4 5 6 7 8 9 10 11 12 | 12.4
Hexes          | 1 2 3 4 5 6 7 8 9 10 11 12 | 12.4
Summonings     | 1 2 3 4 5 6 7 8 9 10 11 12 | 12.4
Necromancy     | 1 2 3 4 5 6 7 8 9 10 11 12 | 12.4
Translocations | 1 2 3 4 5 6 7 8 9 10 11 12 | 12.4
Transmutations | 1 2 3 4 5 6 7 8 9 10 11 12 | 12.4
Fire Magic     | 1 2 3 4 5 6 7 8 9 10 11 12 | 12.4
Air Magic      | 1 2 3 4 5 6 7 8 9 10 11 12 | 12.4
Earth Magic    | 1 2 3 4 5 6 7 8 9 10 11 12 | 12.4
Poison Magic   | 1 2 3 4 5 6 7 8 9 10 11 12 | 12.4
Dodging        | 5 6 7 8 9 10 11 12 13 14 15 | 15.2
Stealth        | 5 6 7 8 9 10 11 12 13 14 15 | 15.1
Ice Magic      | 8 9 10 11 12 13 14 | 14.1

Action                     |  1- 3 |  4- 6 |  7- 9 | 10-12 | 13-15 | 16-18 | 19-21 || total
---------------------------+-------+-------+-------+-------+-------+-------+-------++-------
  Melee: Unarmed           |     8 |       |       |       |       |   198 |   323 ||   529
         Club              |    12 |       |       |       |       |       |       ||    12
         Falchion          |    13 |       |       |       |       |       |       ||    13
         Bite              |     2 |     4 |    14 |    31 |   100 |    57 |    32 ||   240
         Punch             |     2 |     1 |     3 |     5 |       |    21 |    48 ||    80
         Dagger            |    18 |    13 |       |       |       |       |       ||    31
         Trident           |       |    20 |       |       |       |       |       ||    20
         Whip              |       |    20 |   118 |     4 |       |       |       ||   142
         Rapier            |       |       |       |   117 |       |       |       ||   117
         Lajatang          |       |       |       |   127 |   536 |    63 |    15 ||   741
         Broad axe         |       |       |       |       |     3 |       |       ||     3
         Great mace        |       |       |       |       |    24 |   333 |   225 ||   582
         Staff             |       |       |       |       |       |       |    10 ||    10
   Fire: Shortbow          |       |       |     2 |       |       |       |       ||     2
         Longbow           |       |       |       |       |    17 |    17 |       ||    34
         Arbalest          |       |       |       |       |    15 |       |       ||    15
  Throw: Stone             |     2 |    13 |    19 |     5 |       |       |       ||    39
         Dart              |       |     2 |     2 |     3 |    34 |       |       ||    41
         Boomerang         |       |       |       |    83 |   128 |    31 |       ||   242
   Cast: Freeze            |    35 |    14 |    10 |    17 |    11 |       |       ||    87
         Frozen Ramparts   |     3 |    19 |    41 |    69 |   145 |    82 |    33 ||   392
         Ozocubu's Armour  |     1 |    12 |    26 |    39 |    95 |    21 |     2 ||   196
         Summon Ice Beast  |       |       |     3 |    22 |    46 |     1 |     5 ||    77
         Tukima's Dance    |       |       |       |       |     3 |       |       ||     3
         Mephitic Cloud    |       |       |       |       |     9 |    56 |    37 ||   102
         Airstrike         |       |       |       |       |    63 |    58 |       ||   121
         Lee's Rapid Decon |       |       |       |       |     9 |    92 |    21 ||   122
         Statue Form       |       |       |       |       |       |    28 |    12 ||    40
         Fulminant Prism   |       |       |       |       |       |    27 |    21 ||    48
         Storm Form        |       |       |       |       |       |    22 |    25 ||    47
         Manifold Assault  |       |       |       |       |       |       |    29 ||    29
         Ignition          |       |       |       |       |       |       |     1 ||     1
 Invoke: Curse Item        |       |       |     1 |       |     2 |     3 |       ||     6
Ability: Blinkbolt         |       |       |       |       |       |     7 |     5 ||    12
         End Transformatio |       |       |       |       |       |       |     1 ||     1
  Evoke: Wand              |       |       |       |     1 |    16 |    12 |     4 ||    33
         Condenser vane    |       |       |       |       |       |       |     2 ||     2
         Tin of tremorston |       |       |       |       |       |       |     1 ||     1
    Use: Scroll            |       |       |       |    14 |    12 |     3 |     7 ||    36
         Potion            |       |       |       |     1 |     2 |     5 |    10 ||    18
   Stab: Sleeping          |     5 |     6 |       |       |       |     3 |     4 ||    18
         Distracted        |       |       |       |     2 |     1 |     2 |     2 ||     7
         Confused          |       |       |       |       |       |    23 |    11 ||    34
 Armour: Robe              |    11 |    12 |    54 |    13 |       |       |       ||    90
         Troll leather arm |       |       |       |   101 |   344 |   107 |    32 ||   584
         Skin              |       |       |       |       |       |   458 |   188 ||   646
  Dodge: Dodged            |    49 |    41 |    96 |   245 |   490 |   909 |   531 ||  2361

Table legend: (Time is in decaauts)
 A = Elapsed time spent in this place.
 B = Non-inter-level travel time spent in this place.
 C = Inter-level travel time spent in this place.
 D = Time resting spent in this place.
 E = Time spent auto-exploring this place.
 F = Levels seen in this place.
 G = Mean time per level.
                   A        B        C        D        E       F      G
               +--------+--------+--------+--------+--------+-----+--------+
         Total |  43269 |  39909 |   3360 |   7865 |  21993 |  36 | 1201.9 |
       Dungeon |  15030 |  13475 |   1555 |   1673 |   9111 |  15 | 1002.0 |
        Temple |     75 |     54 |     21 |      0 |     41 |   1 |   75.0 |
          Lair |   7127 |   6653 |    474 |   1139 |   3853 |   5 | 1425.4 |
        Shoals |   4809 |   4651 |    158 |   1459 |   1719 |   4 | 1202.2 |
   Spider Nest |   7126 |   6817 |    309 |   1588 |   3596 |   4 | 1781.5 |
  Orcish Mines |   2236 |   1786 |    450 |    315 |    782 |   2 | 1118.0 |
   Elven Halls |   1792 |   1602 |    190 |    501 |    727 |   1 | 1792.0 |
        Vaults |   4655 |   4455 |    200 |   1138 |   2058 |   3 | 1551.7 |
        Bailey |    415 |    415 |      0 |     47 |    104 |   1 |  415.0 |
               +--------+--------+--------+--------+--------+-----+--------+

Top non-repeatable levels by time:
Spider:3: 2924 daAuts
Vaults:1: 2370 daAuts
  Lair:5: 2042 daAuts
  Lair:2: 2025 daAuts
   Elf:1: 1792 daAuts
   Orc:2: 1773 daAuts
     D:9: 1712 daAuts
Vaults:2: 1649 daAuts
Spider:4: 1621 daAuts
Shoals:3: 1581 daAuts
     D:7: 1558 daAuts
Shoals:1: 1549 daAuts
Spider:1: 1342 daAuts
  Lair:3: 1260 daAuts
Spider:2: 1238 daAuts
